 Dungeon Crawl Stone Soup version 0.28.0-53-g5a82cb258f (webtiles) character file.

Game seed: 2639832424148570016

791 Plasmagod the Cudgeller (level 7, -3/44 HPs)
             Began as a Gargoyle Fighter on July 15, 2022.
             Was an Initiate of Ru.
             Slain by a killer bee (4 damage)
             ... on level 6 of the Dungeon.
             The game lasted 00:10:45 (5580 turns).

Plasmagod the Cudgeller (Gargoyle Fighter)          Turns: 5580, Time: 00:10:46

Health: -3/44      AC: 14    Str: 26 (27) XL:     7   Next: 88%
Magic:  7/7        EV: 10    Int:  4 (7)  God:    Ru [......]
Gold:   212        SH:  4    Dex:  7 (9)  Spells: 6/6 levels left

rFire   . . .      SeeInvis .   a - +1 flail
rCold   . . .      Faith    .   c - +0 buckler
rNeg    + . .      Spirit   .   b - +0 scale mail
rPois   ∞          Reflect  .   (no helmet)
rElec   +          Harm     .   f - +0 cloak
rCorr   .          Rampage  .   (no gloves)
Will    .....                   p - +0 pair of boots
Stlth   ..........              (no amulet)
HPRegen 0.14/turn               o - +6 ring of strength
MPRegen 0.10/turn               (no ring)

@: mighty, about to teleport, flying
A: sickness immunity, AC +4, negative energy resistance 1, electricity
resistance, torment resistance 1, petrification resistance, big wings, dopey 1
a: Renounce Religion


You were on level 6 of the Dungeon.
You worshipped Ru.
Ru was noncommittal.
You visited 1 branch of the dungeon, and saw 6 of its levels.

You collected 212 gold pieces.

Inventory:

Hand Weapons
 a - a +1 flail (weapon)
Missiles
 q - a throwing net (quivered)
Armour
 b - a +0 scale mail (worn)
 c - a +0 buckler (worn)
 f - a +0 cloak (worn)
 p - a +0 pair of boots (worn)
Jewellery
 o - a +6 ring of strength (left hand)
 r - a ring of wizardry
Wands
 n - a wand of charming (11)
Scrolls
 i - a scroll of fear
 j - 4 scrolls of identify
 m - a scroll of enchant weapon
 t - a scroll of magic mapping
Potions
 e - a potion of mutation
 h - 3 potions of curing
 k - a potion of attraction


   Skills:
 + Level 4.4 Fighting
 + Level 5.9 Maces & Flails
 + Level 4.7 Armour
 * Level 2.5 Dodging
 + Level 0.4 Stealth
 + Level 4.8 Shields


You had 6 spell levels left.
You didn't know any spells.
Your spell library was empty.

Dungeon Overview and Level Annotations

Branches:
Dungeon (6/15)
 Temple: D:4-7

Altars:
Cheibriados
Ru

Annotations:
D:3 2 runed translucent doors, fleshgolem's ghost, amateur MiFi


Innate Abilities, Weirdness & Mutations

You are immune to sickness and miasma.
Your stone body is resilient. (AC +4)
You are immune to poison.
You resist negative energy. (rN+)
You are resistant to electric shocks. (rElec)
You are resistant to unholy torment.
You are immune to petrification.
Your large and strong wings let you fly.
You are dopey. (Int -2)


Message History

You closely miss the killer bee. The killer bee stings you. x2
Okay, then.
Okay, then.
As you read the scroll of fog, it crumbles to dust.
The scroll dissolves into smoke.
The killer bee stings you but does no damage.
The killer bee closely misses you.
The killer bee stings you but does no damage.
The killer bee closely misses you. You block the killer bee's attack.
The killer bee stings you.
* * * LOW HITPOINT WARNING * * *
The killer bee barely misses you.
The killer bee stings you but does no damage.
You miss the killer bee.
The killer bee stings you but does no damage.
The killer bee stings you.
* * * LOW HITPOINT WARNING * * *
You block the killer bee's attack. You block the killer bee's attack.
The killer bee misses you.
You miss the killer bee. The killer bee barely misses you.
You block the killer bee's attack.
It was a potion of degeneration.
There was something very wrong with that liquid.
You feel weakened.
You feel dopey.
You feel clumsy.
The killer bee stings you but does no damage. x2
You feel very mighty all of a sudden. The killer bee stings you.
* * * LOW HITPOINT WARNING * * *
The killer bee misses you.
You closely miss the killer bee.
The killer bee stings you but does no damage. x2
The killer bee stings you!
* * * LOW HITPOINT WARNING * * *
Okay, then.
As you read the scroll labelled GEKAVV HUZIA, it crumbles to dust.
You feel strangely unstable.
It was a scroll of teleportation.
You block the killer bee's attack. The killer bee stings you.
You die...

#############
#...........#
#...........#
#...........#
#...........#
###...........#
#.............#
#.#...........#
#@#...........#
#y#...........#
#y#...........#
#y#...........#
#y#...........#
#§#....)......#
#§#...........#
#§########.####
#§# #.#######


You could see 4 killer bees.

Vanquished Creatures
  A water moccasin (D:5)
  Blork the orc (D:6)
  A bullfrog (D:4)
  A scorpion (D:5)
  A water moccasin skeleton (D:5)
  A centaur skeleton (D:4)
  A hound (D:5)
  3 iguanas
  A hound zombie (D:5)
  A hound skeleton (D:2)
  Robin (D:4)
  A howler monkey zombie (D:6)
  4 gnolls (D:5)
  3 adders
  A shadow imp (D:5)
  An ufetubus (D:4)
  7 worms (D:4)
  A dart slug (D:2)
  4 orcs (D:5)
  7 ball pythons
  4 endoplasms
  2 giant cockroaches
  18 goblins
  6 hobgoblins
  8 jackals
  6 quokkas
  3 bats
  3 frilled lizards
  5 kobolds
  3 rats
100 creatures vanquished.

Vanquished Creatures (collateral kills)
  A bullfrog (D:6)
1 creature vanquished.

Vanquished Creatures (others)
  2 killer bees (D:6)
2 creatures vanquished.

Grand Total: 103 creatures vanquished

Notes
Turn   | Place    | Note
-------+----------+-------------------------------------------
     0 | D:1      | Plasmagod the Gargoyle Fighter began the quest for the Orb.
     0 | D:1      | Reached XP level 1. HP: 14/14 MP: 1/1
   304 | D:1      | Reached XP level 2. HP: 19/19 MP: 2/2
  1089 | D:1      | Reached XP level 3. HP: 24/24 MP: 3/3
  2077 | D:2      | Reached XP level 4. HP: 29/29 MP: 4/4
  2117 | D:2      | Reached skill level 1 in Dodging
  2332 | D:3      | Reached skill level 3 in Maces & Flails
  2391 | D:3      | Found a large runed translucent door.
  2392 | D:3      | Found a large runed translucent door.
  2393 | D:3      | Noticed fleshgolem's ghost (amateur MiFi)
  2512 | D:3      | Found a snail-covered altar of Cheibriados.
  3008 | D:4      | Noticed a bullfrog
  3018 | D:4      | Killed a bullfrog
  3019 | D:4      | Reached XP level 5. HP: 14/33 MP: 5/5
  3261 | D:4      | Gained mutation: You are dopey. (Int -2) [potion of
                  | mutation]
  3261 | D:4      | Gained mutation: Your large and strong wings let you fly.
                  | [potion of mutation]
  3604 | D:4      | Reached skill level 4 in Maces & Flails
  3634 | D:4      | Reached XP level 6. HP: 38/38 MP: 6/6
  3992 | D:4      | Noticed Robin
  3998 | D:4      | Killed Robin
  4353 | D:5      | Entered Level 5 of the Dungeon
  4524 | D:5      | Noticed a water moccasin
  4555 | D:5      | Killed a water moccasin
  4556 | D:5      | Reached skill level 5 in Maces & Flails
  4556 | D:5      | Reached XP level 7. HP: 19/43 MP: 7/7
  4885 | D:5      | Found a sacrificial altar of Ru.
  4893 | D:5      | Became a worshipper of Ru the Awakened
  5397 | D:6      | Noticed Blork the orc
  5415 | D:6      | Killed Blork the orc
  5579 | D:6      | HP: 1/44 [killer bee (7)]
  5580 | D:6      | Slain by a killer bee

Illustrated notes

Levels and vault maps discovered:
D:1:      minmay_arrival_nine_rooms, layout_basic
D:2:      layout_basic, kennysheep_pointless_box
D:3:      layout_loops_ring, cheibriados_altar_1, ebering_ghost_disaster_area
D:4:      layout_loops_cross, nicolae_wormholes, uniq_robin
D:5:      layout_basic, nicolae_ru_sacrificial_ziggurat
D:6:      layout_basic, minmay_temple_entry_mist, uniq_duvessa,
          uniq_blork_the_orc

Skill      XL: |  1  2  3  4  5  6 |
---------------+-------------------+-----
Dodging        | 1 2 |  2.5
Maces & Flails | 3 4 5 |  5.9
Armour         | 4 |  4.7
Fighting       | 4 |  4.4
Shields        | 4 |  4.8
Stealth        | |  0.4

Action                   |  1- 3 |  4- 6 |  7- 9 || total
-------------------------+-------+-------+-------++-------
Melee: Flail             |   138 |   162 |   110 ||   410
Evoke: Wand              |       |       |     2 ||     2
  Use: Potion            |       |     1 |     2 ||     3
       Scroll            |       |     8 |     2 ||    10
Armor: Scale mail        |   101 |    89 |    62 ||   252
Dodge: Dodged            |    86 |    63 |    61 ||   210
Block: Buckler           |    37 |    39 |    19 ||    95
